[Event "Team 45 45 League T57"]
[Site "Internet Chess Club"]
[Date "2013.06.04"]
[Round "2"]
[White "bat30"]
[Black "minke"]
[Result "1/2-1/2"]
[WhiteElo "1893"]
[BlackElo "1908"]
[Opening "Pirc: Austrian attack, 6.Bd3"]
[ECO "B09"]
[Time "00:04:13"]
[TimeControl "2700+45"]

1. e4 d6 2. d4 Nf6 3. Nc3 g6 4. f4 Bg7 5. Nf3 O-O 6. Bd3 Na6 7. a3 c5 8. d5 Nc7
9. O-O b5 10. Re1 a6 11. a4 c4 12. Bf1 Bb7 13. Nd4 e6 14. axb5 axb5 15. Rxa8
Bxa8 16. dxe6 fxe6 17. Ncxb5 Nxb5 18. Nxe6 Qc8 19. Nxf8 Kxf8 20. c3 Nxe4 21. Qa4
Nbxc3 22. bxc3 Bxc3 23. Rxe4 Bxe4 24. Qxc4 Qxc4 25. Bxc4 d5 26. Bb5 Ke7 27. g4
Bc2 28. Kf2 Ke6 29. Ke2 h5 30. h3 Be4 31. Bd3 Bxd3+ 32. Kxd3 hxg4 33. hxg4 Bf6
{Game drawn by mutual agreement} 1/2-1/2

[Event "Team 45 45 League T57"]
[Site "Internet Chess Club"]
[Date "2013.06.03"]
[Round "2"]
[White "az2112"]
[Black "HumanTornado"]
[Result "0-1"]
[WhiteElo "1650"]
[BlackElo "2054"]
[Opening "Sicilian defense"]
[ECO "B44"]
[Time "21:01:22"]
[TimeControl "2700+45"]

1. e4 c5 2. Nf3 e6 3. d4 cxd4 4. Nxd4 Nc6 5. c4 Nf6 6. Nxc6 bxc6 7. Bd3 Be7 8.
e5 Qa5+ 9. Nc3 Qxe5+ 10. Qe2 Qxe2+ 11. Bxe2 O-O 12. O-O d5 13. cxd5 cxd5 14. Rd1
a5 15. Be3 Ba6 16. Bf3 Rab8 17. b3 Rfc8 18. Rac1 Ba3 19. Rc2 Bb4 20. Bd4 Nd7
{White resigns} 0-1

[Event "Team 45 45 League T57"]
[Site "Internet Chess Club"]
[Date "2013.06.03"]
[Round "2"]
[White "vvsi"]
[Black "clarinetref"]
[Result "1-0"]
[WhiteElo "1727"]
[BlackElo "1603"]
[Opening "Sicilian: Najdorf"]
[ECO "B90"]
[Time "11:02:23"]
[TimeControl "2700+45"]

1. e4 c5 2. Nf3 d6 3. d4 cxd4 4. Nxd4 Nf6 5. Nc3 a6 6. Rg1 e5 7. Nb3 Be6 8. g4
d5 9. g5 d4 10. gxf6 dxc3 11. Qxd8+ Kxd8 12. fxg7 cxb2 13. gxf8=Q+ Rxf8 14. Bxb2
Nd7 15. O-O-O Rc8 16. Bxe5 f5 17. Bd6 Re8 18. e5 f4 19. Bg2 Bf5 20. Nd4 Bg6 21.
Bxb7 Rc3 22. Nc6+ Rxc6 23. Bxc6 Kc8 24. Rge1 Re6 25. Bd5 {Black resigns} 1-0

[Event "Team 45 45 League T57"]
[Site "Internet Chess Club"]
[Date "2013.06.02"]
[Round "2"]
[White "drsigmund1"]
[Black "evan7284"]
[Result "1/2-1/2"]
[WhiteElo "1545"]
[BlackElo "1748"]
[Opening "Queen's pawn game"]
[ECO "D02"]
[Time "12:00:27"]
[TimeControl "2700+45"]

1. d4 d5 2. Nf3 e6 3. Bf4 f5 4. e3 Nf6 5. Nbd2 Bd6 6. Ne5 O-O 7. Qf3 Ne4 8. Qh5
Nxd2 9. Kxd2 c5 10. g4 Qa5+ 11. c3 cxd4 12. exd4 Qb6 13. Rb1 fxg4 14. Bd3 h6 15.
Qg6 Bxe5 16. Qh7+ Kf7 17. Bxe5 Ke8 18. Bg6+ Kd8 19. Qxg7 Nd7 20. Qxh6 Rxf2+ 21.
Ke1 Nxe5 22. Kxf2 g3+ 23. Kxg3 Nd7 24. Rhf1 Qd6+ 25. Kg2 e5 26. Qg5+ Kc7 27.
dxe5 Nxe5 28. Rf6 Be6 29. Re1 Ng4 30. Rfxe6 Qxh2+ 31. Kf3 Rf8+ 32. Kxg4 Qg2+ 33.
Kh4 Qh2+ 34. Kg4 Qg2+ 35. Kh4 Qh2+ 36. Kg4 Qg2+ {Game drawn by repetition}
1/2-1/2

[Event "Team 45 45 League T57"]
[Site "Internet Chess Club"]
[Date "2013.06.01"]
[Round "2"]
[White "BrerRabbit"]
[Black "evan7284"]
[Result "0-1"]
[WhiteElo "1481"]
[BlackElo "1757"]
[Opening "Queen's pawn, Mason variation"]
[ECO "D00"]
[Time "10:01:18"]
[TimeControl "2700+45"]

1. d4 d5 2. Bf4 e6 3. e3 f5 4. Nf3 Nf6 5. c4 c6 6. Nc3 Bd6 7. Bd3 Qe7 8. c5 Bxf4
9. exf4 Nbd7 10. O-O O-O 11. Re1 Ne4 12. Qc2 b6 13. cxb6 axb6 14. Ne5 Nxe5 15.
fxe5 Ba6 16. Bxa6 Rxa6 17. f3 Nxc3 18. Qxc3 c5 19. a3 cxd4 20. Qxd4 Qc5 21. Qxc5
bxc5 22. Rac1 c4 23. Red1 Rb8 24. Rc2 Rab6 25. Rdd2 Rb3 26. Kf2 Rc8 27. Rc3 Rcb8
28. Rxb3 Rxb3 29. Rc2 Kf7 30. Ke2 Ke7 31. f4 Kd7 32. Kd1 Kc6 33. Kc1 Kb6 34. Rc3
Rb5 35. Kc2 Ka5 36. Rh3 h6 37. Rg3 Rb7 38. Rg6 Re7 39. Kc3 Ka4 40. Rg3 Kb5 41.
Rg6 Kc5 42. Kc2 d4 43. Rg3 d3+ 44. Kc3 Rd7 45. Kd2 Kd4 46. Rf3 Rb7 47. Kc1 Ke4
48. Rf2 Ke3 49. Rd2 Kxf4 {White resigns} 0-1

[Event "Team 45 45 League T57"]
[Site "Internet Chess Club"]
[Date "2013.06.01"]
[Round "2"]
[White "MeansToAnEnd"]
[Black "g8wrb"]
[Result "0-1"]
[WhiteElo "1354"]
[BlackElo "1449"]
[Opening "Nimzo-Indian: three knights variation"]
[ECO "E21"]
[Time "09:02:19"]
[TimeControl "2700+45"]

1. d4 Nf6 2. c4 e6 3. Nc3 Bb4 4. Nf3 b6 5. a3 Bxc3+ 6. bxc3 c5 7. Bg5 Bb7 8. e3
d5 9. cxd5 Bxd5 10. Bb5+ Nbd7 11. O-O O-O 12. Qa4 Qc7 13. Bxf6 Nxf6 14. Bc4 Ne4
15. Bxd5 Nxc3 16. Qc4 Nxd5 17. Ne5 cxd4 18. Qxd4 Rac8 19. Nd3 Qc3 20. Qxc3 Rxc3
21. Ne5 Rfc8 22. e4 Nf6 23. f3 R3c5 24. Nd3 Rc3 25. Rac1 Kf8 26. Rxc3 Rxc3 27.
Nb4 Rxa3 28. Rc1 Ne8 29. Rc8 Ke7 30. Rc5 bxc5 {White resigns} 0-1

[Event "Team 45 45 League T57"]
[Site "Internet Chess Club"]
[Date "2013.05.31"]
[Round "2"]
[White "Manch"]
[Black "houseofcook"]
[Result "0-1"]
[WhiteElo "1564"]
[BlackElo "1495"]
[Opening "French: Steinitz variation"]
[ECO "C11"]
[Time "14:00:40"]
[TimeControl "2700+45"]

1. e4 e6 2. d4 d5 3. Nc3 Nf6 4. e5 Nfd7 5. a3 c5 6. Nf3 Nc6 7. dxc5 Bxc5 8. b4
Be7 9. Bb5 O-O 10. Bf4 a6 11. Bd3 Qc7 12. O-O Ncxe5 13. Re1 Nxf3+ 14. Qxf3 Qd8
15. Qg3 Bf6 16. Bd2 b5 17. Rad1 Bb7 18. Ne2 Ne5 19. Nf4 Nxd3 20. cxd3 g6 21. Nh5
Bh4 22. Qg4 f5 23. Qe2 gxh5 24. Qxe6+ Kh8 25. Bf4 Bf6 26. Qxf5 Bg7 27. Qg5 Qxg5
28. Bxg5 Rfe8 29. h3 d4 30. Rc1 Rac8 31. Rxe8+ Rxe8 32. Rc7 Bc8 33. Be7 Bf8 34.
Bf6+ Kg8 35. Bxd4 Re1+ 36. Kh2 Bd6+ 37. g3 Bxc7 38. Bc5 Ra1 39. d4 Rxa3 40. d5
Bd8 41. f4 Ra2+ 42. Kg1 Bxh3 43. d6 Bd7 44. Kf1 Kf7 45. Ke1 Kg6 46. Kd1 Kf5 47.
Kc1 Kg4 48. Kb1 Rg2 49. f5 Kxf5 50. g4+ hxg4 51. Kc1 h5 52. Kd1 h4 53. Ke1 h3
54. Kf1 Ra2 55. Bg1 h2 56. Bxh2 Rxh2 57. Kg1 Ra2 58. Kh1 g3 59. Kg1 Kf4 60. Kh1
Bc6+ 61. Kg1 Kg4 62. d7 Kh3 63. Kf1 g2+ 64. Kg1 Bb6# {White checkmated} 0-1

[Event "Team 45 45 League T57"]
[Site "Internet Chess Club"]
[Date "2013.05.30"]
[Round "2"]
[White "SirIvanhoe"]
[Black "mongmong"]
[Result "1/2-1/2"]
[WhiteElo "1517"]
[BlackElo "1600"]
[Opening "French: King's Indian attack"]
[ECO "C00"]
[Time "18:03:04"]
[TimeControl "2700+45"]

1. e4 e6 2. d3 d5 3. Nd2 Nf6 4. Ngf3 b6 5. g3 dxe4 6. dxe4 Bb7 7. Qe2 Ba6 8. Qd1
Bxf1 9. Rxf1 Bc5 10. h3 a5 11. Qe2 Nc6 12. Nb3 Be7 13. Bf4 O-O 14. Qd2 Qxd2+ 15.
Nbxd2 Rac8 16. O-O-O Rfd8 17. g4 Nd7 18. Bg5 Bxg5 19. Nxg5 h6 20. Ngf3 Nde5 21.
Nxe5 Nxe5 22. f4 Ng6 23. f5 exf5 24. exf5 Ne7 25. Nf3 Nc6 26. Rxd8+ Rxd8 27. Rd1
Rxd1+ 28. Kxd1 Kf8 29. c3 Ke7 30. Ke2 Kd6 31. Ke3 Kd5 32. Kd3 Ne5+ 33. Nxe5 Kxe5
34. Ke3 b5 35. a3 a4 36. Kf3 Kd5 37. Ke3 Kc4 38. Kd2 Kb3 39. Kc1 g6 40. fxg6
fxg6 41. Kb1 c5 42. Kc1 Ka2 43. Kc2 c4 44. Kc1 g5 45. Kc2 Ka1 46. Kc1 {Game
drawn by mutual agreement} 1/2-1/2

[Event "Team 45 45 League T57"]
[Site "Internet Chess Club"]
[Date "2013.06.02"]
[Round "2"]
[White "Visin"]
[Black "dabodhi"]
[Result "1-0"]
[WhiteElo "1323"]
[BlackElo "1301"]
[Opening "Sicilian: Labourdonnais-Löwenthal variation"]
[ECO "B32"]
[Time "14:32:10"]
[TimeControl "2700+45"]

1. e4 c5 2. Nf3 Nc6 3. d4 cxd4 4. Nxd4 e5 5. Nxc6 bxc6 6. Be3 Nf6 7. Bd3 Qa5+ 8.
c3 Rb8 9. b4 Qc7 10. Nd2 Be7 11. h3 O-O 12. Qa4 Ra8 13. Bc4 d5 14. Bd3 Be6 15.
Rc1 a5 16. b5 cxb5 17. Bxb5 d4 18. Bg5 dxc3 19. O-O Rfd8 20. Qc2 Bb4 21. Nf3
Rab8 22. Ba4 Ba3 23. Qxc3 Qxc3 24. Rxc3 Bb4 25. Rc2 Bd6 26. Rd1 Rb4 27. Bb3 Bxb3
28. axb3 Rb6 29. Nxe5 h6 30. Bxf6 gxf6 31. Nc4 Rc6 32. Rcd2 {Black resigns} 1-0

[Event "Team 45 45 League T57"]
[Site "Internet Chess Club"]
[Date "2013.05.31"]
[Round "2"]
[White "semperfi"]
[Black "JohLeb"]
[Result "1-0"]
[WhiteElo "1356"]
[BlackElo "1327"]
[Opening "Queen's pawn game"]
[ECO "D04"]
[Time "18:00:05"]
[TimeControl "2700+45"]

1. d4 d5 2. Nf3 Nf6 3. e3 Bg4 4. Bd3 e6 5. c3 Bd6 6. Nbd2 Bh5 7. O-O O-O 8. Re1
Nbd7 9. e4 dxe4 10. Nxe4 Bg6 11. Nxf6+ Nxf6 12. Bxg6 hxg6 13. Bg5 c6 14. Qd3 Qc7
15. Bxf6 gxf6 16. g3 Kg7 17. Qe3 Rh8 18. Nd2 Rh3 19. Qf3 Rah8 20. Nf1 f5 21. c4
b6 22. Qc3 Kf8 23. Qf3 Kg8 24. Rac1 f4 25. d5 fxg3 26. fxg3 Bc5+ 27. Kg2 Bd6 28.
dxe6 Kf8 29. Qxf7+ Qxf7 30. exf7 Kxf7 31. Rcd1 Bb4 32. Rd7+ Kf6 33. Re4 R3h5 34.
Rxa7 Bc5 35. Rf4+ Ke6 36. h4 Rd8 37. a3 b5 38. Raf7 Rf5 39. R7xf5 gxf5 40. b4
Bd6 41. Rf3 bxc4 42. Rc3 Kd5 43. Rf3 Rf8 44. Ne3+ Kd4 45. Nxf5+ Ke5 46. g4 Rf6
47. h5 Bf8 48. a4 Bxb4 49. h6 Rxh6 50. Nxh6 c3 51. Rf2 Ke4 52. g5 Kd3 53. g6 c2
54. Rxc2 Bf8 55. Rxc6 Bxh6 56. a5 Bg7 57. a6 Bd4 58. Rd6 {Black resigns} 1-0

[Event "Team 45 45 League T57"]
[Site "Internet Chess Club"]
[Date "2013.05.30"]
[Round "2"]
[White "Hal2001"]
[Black "bmw2002"]
[Result "0-1"]
[WhiteElo "1595"]
[BlackElo "1572"]
[Opening "Caro-Kann: classical variation"]
[ECO "B18"]
[Time "21:12:43"]
[TimeControl "2700+45"]

1. e4 c6 2. d4 d5 3. Nc3 dxe4 4. Nxe4 Bf5 5. Ng3 Bg6 6. N1e2 Nf6 7. h4 h6 8. Nf4
Bh7 9. Bc4 e6 10. c3 Bd6 11. Qe2 O-O 12. Bd3 Bxd3 13. Nxd3 Nbd7 14. Bd2 Qc7 15.
Nh5 Rfe8 16. O-O-O e5 17. Nxf6+ Nxf6 18. dxe5 Bxe5 19. Qf3 Re6 20. Rde1 Qd6 21.
Nxe5 Rxe5 22. g4 Rd8 23. Rxe5 Qxe5 24. Re1 Qd5 25. Qxd5 Nxd5 26. f4 Kf8 27. Kc2
Re8 28. Rxe8+ Kxe8 29. Kd3 Ke7 30. Kd4 Ke6 31. c4 Ne7 32. f5+ Kf6 33. Bb4 Nc8
34. Ke4 g6 35. Bc3+ Ke7 36. fxg6 fxg6 37. c5 Kf7 38. h5 Ne7 39. Bd2 g5 40. b4
Nd5 41. a4 a6 42. b5 Nf6+ 43. Kf5 axb5 44. axb5 cxb5 45. Bc3 Nd5 46. Bb2 Nb4 47.
Ke4 Nc6 48. Kd5 Nb4+ 49. Kd6 Nd3 50. Bd4 Nf4 51. Be3 b4 52. Bd4 b3 53. Ke5 Nd3+
54. Ke4 b2 {White resigns} 0-1

[Event "Team 45 45 League T57"]
[Site "Internet Chess Club"]
[Date "2013.06.01"]
[Round "2"]
[White "Mitochondria"]
[Black "MinnArkie"]
[Result "0-1"]
[WhiteElo "1476"]
[BlackElo "1553"]
[Opening "Budapest: Rubinstein variation"]
[ECO "A52"]
[Time "23:00:13"]
[TimeControl "2700+45"]

1. d4 Nf6 2. c4 e5 3. dxe5 Ng4 4. Bf4 Nc6 5. Nf3 Bb4+ 6. Nc3 Bxc3+ 7. bxc3 Qe7
8. e3 Ngxe5 9. Nxe5 Nxe5 10. Bxe5 Qxe5 11. Qd4 f6 12. f4 Qe7 13. Be2 c5 14. Qd2
Rb8 15. O-O b6 16. Bf3 O-O 17. Rad1 Kh8 18. Rfe1 Rd8 19. Bd5 Bb7 20. e4 d6 21.
Re3 Bxd5 22. exd5 Qd7 23. Rde1 Re8 24. Qe2 Rxe3 25. Qxe3 h6 26. Qe7 Rd8 27. a4
a6 28. Qxd7 Rxd7 29. Re8+ Kh7 30. Rb8 b5 31. cxb5 axb5 32. axb5 Kg6 33. b6 Kf5
34. g3 Ke4 35. Re8+ Kxd5 36. Re1 Rb7 37. Rb1 Kc4 38. Kf2 Kxc3 39. Kf3 Kc4 40.
Ke4 g6 41. g4 d5+ 42. Ke3 d4+ 43. Kd2 Kd5 44. h4 f5 45. gxf5 gxf5 46. h5 Ke4 47.
Rb5 Kxf4 48. Kd3 Kg4 49. Kc4 f4 50. Kxc5 f3 51. Kc6 Rb8 52. b7 Kg3 53. Kc7 Rxb7+
54. Kxb7 f2 55. Rb3+ Kg2 {White resigns} 0-1

[Event "Team 45 45 League T57"]
[Site "Internet Chess Club"]
[Date "2013.05.29"]
[Round "2"]
[White "jungleboy"]
[Black "Zyme"]
[Result "0-1"]
[WhiteElo "1174"]
[BlackElo "1388"]
[Opening "Queen's pawn game"]
[ECO "E10"]
[Time "23:07:55"]
[TimeControl "2700+45"]

1. d4 e6 2. c4 Nf6 3. Nf3 g6 4. Bg5 Bg7 5. Nbd2 h6 6. Bxf6 Bxf6 7. e3 d6 8. Be2
Nc6 9. Ne4 Bg7 10. c5 d5 11. Nc3 Bd7 12. a3 Qe7 13. Rb1 O-O 14. O-O Rad8 15. b4
a6 16. b5 axb5 17. Nxb5 Bc8 18. Nc3 e5 19. Qb3 Qe6 20. Nb5 Qd7 21. Nc3 exd4 22.
Bb5 dxc3 23. Nd4 Nxd4 24. exd4 Qg4 25. Qxc3 Qh4 26. c6 b6 27. Rbd1 Rfe8 28. g3
Qg4 29. f3 Qg5 30. Rfe1 Rxe1+ 31. Rxe1 Qf6 32. Rd1 Re8 33. Kf2 h5 34. h4 Qe6 35.
Re1 Qxe1+ 36. Qxe1 Rxe1 37. Kxe1 Bxd4 38. Ke2 Kg7 39. a4 Kf6 40. f4 Kf5 41. Kf3
Bc5 42. Bd3+ Kf6 43. Ke2 Bg4+ 44. Kf1 Ke6 45. Kg2 Kd6 46. Bb5 Bd1 47. Kf1 Bb3
48. Kg2 Bc4 49. Kf3 Bxb5 50. axb5 d4 51. Ke2 Kd5 52. Kd3 Bb4 53. Ke2 Ke4 {White
resigns} 0-1

[Event "Team 45 45 League T57"]
[Site "Internet Chess Club"]
[Date "2013.06.02"]
[Round "2"]
[White "chuckh2"]
[Black "rhayder"]
[Result "0-1"]
[WhiteElo "1302"]
[BlackElo "1401"]
[Opening "Queen's pawn, Mason variation"]
[ECO "D00"]
[Time "18:05:16"]
[TimeControl "2700+45"]

1. d4 d5 2. Bf4 Nc6 3. c3 f6 4. Nf3 e6 5. e3 Bd6 6. Bg3 Nge7 7. Bd3 e5 8. dxe5
fxe5 9. Be2 g6 10. O-O Be6 11. Nbd2 Qd7 12. Bb5 a6 13. Qa4 O-O 14. Be2 Nd4 15.
Qd1 Nxe2+ 16. Qxe2 Nf5 17. Bxe5 Qb5 18. Qxb5 axb5 19. Bxd6 Nxd6 20. Nd4 Bg4 21.
h3 Bd7 22. b4 Ra3 23. Nb1 Ra6 24. Re1 Ne4 25. Re2 Raf6 26. f3 Ng3 27. Rf2 Ne4
28. Rb2 Ng5 29. Nd2 Re8 30. Re1 b6 31. a3 c5 32. bxc5 bxc5 33. Nxb5 Bxh3 34.
gxh3 Nxf3+ 35. Nxf3 Rxf3 36. a4 Rg3+ 37. Kh2 Rf3 38. a5 Re5 39. Rbe2 Rh5 40. Rh1
Rfxh3+ 41. Kg2 Rxh1 42. Kf3 R1h3+ 43. Kf2 Rh2+ 44. Ke1 Rxe2+ 45. Kxe2 Rh2+ 46.
Kd3 Ra2 47. Nc7 Rxa5 48. Nxd5 h5 49. e4 h4 50. e5 h3 51. Nf6+ Kf7 52. Ng4 Ke6
53. Ke4 Ra4+ 54. Kf3 Rxg4 {White resigns} 0-1

[Event "Team 45 45 League T57"]
[Site "Internet Chess Club"]
[Date "2013.05.30"]
[Round "2"]
[White "ScotchYeti"]
[Black "LazyPeon"]
[Result "1/2-1/2"]
[WhiteElo "1681"]
[BlackElo "1773"]
[Opening "French: Two knights variation"]
[ECO "C00"]
[Time "14:31:02"]
[TimeControl "2700+45"]

1. e4 e6 2. Nf3 d5 3. Nc3 Nf6 4. e5 Nfd7 5. d4 c5 6. dxc5 Nc6 7. Bf4 Bxc5 8. Bd3
f6 9. exf6 Nxf6 10. Qe2 O-O 11. O-O Qe7 12. Bg5 Bd7 13. Rae1 Rae8 14. Bb5 Qf7
15. Bxc6 Bxc6 16. Ne5 Qc7 17. Nxc6 bxc6 18. a3 e5 19. b4 Bd6 20. Bxf6 Rxf6 21.
Nd1 e4 22. g3 Ref8 23. c4 Rf3 24. cxd5 cxd5 25. Ne3 d4 26. Qc4+ Qf7 27. Qxf7+
R8xf7 28. Nc4 Bf8 29. Rxe4 Rc3 30. Rxd4 Rc7 31. Ne5 Rxa3 32. Rb1 Be7 33. Rd7
Rxd7 34. Nxd7 Ra2 35. Nc5 a5 36. Nd3 axb4 37. Nxb4 Rd2 {Game drawn by mutual
agreement} 1/2-1/2

[Event "Team 45 45 League T57"]
[Site "Internet Chess Club"]
[Date "2013.05.31"]
[Round "2"]
[White "Buford-Julep"]
[Black "cBishop"]
[Result "1-0"]
[WhiteElo "1751"]
[BlackElo "1660"]
[Opening "QGD: Semi-Tarrasch, 5.cd"]
[ECO "D41"]
[Time "11:00:10"]
[TimeControl "2700+45"]

1. Nf3 d5 2. c4 e6 3. d4 Nf6 4. Nc3 c5 5. cxd5 cxd4 6. Nxd4 Nxd5 7. Bd2 Bc5 8.
Qa4+ Bd7 9. Qc4 Bxd4 10. Qxd4 Qf6 11. Qxf6 Nxf6 12. e4 Bc6 13. Rc1 Nbd7 14. f3
Ke7 15. Nb5 Bxb5 16. Bxb5 Rhc8 17. Ke2 a6 18. Ba4 b5 19. Bb3 Nb6 20. Bb4+ Ke8
21. Rhd1 Rxc1 22. Rxc1 Rc8 23. Rxc8+ Nxc8 24. a4 Kd7 25. Ke3 Kc6 26. h3 Nb6 27.
axb5+ Kxb5 28. Bf8 g6 29. Kd4 a5 30. g4 h5 31. Bd1 e5+ 32. Kc3 hxg4 33. Be2+ Kc6
34. hxg4 Nfd7 35. Bg7 Kc5 36. Bd1 Kd6 37. Bb3 Ke7 38. Bh6 Nc5 39. Bc2 Kd6 40.
Be3 Kc6 41. b4 axb4+ 42. Kxb4 Ne6 43. Bb3 Nd8 44. Bg5 Kd7 45. Kc5 Nc8 46. Bxd8
Kxd8 47. Bxf7 g5 48. Kd5 Ke7 49. Be6 Nb6+ 50. Kxe5 {Black resigns} 1-0

[Event "Team 45 45 League T57"]
[Site "Internet Chess Club"]
[Date "2013.06.02"]
[Round "2"]
[White "cepheid"]
[Black "pauliewoll"]
[Result "0-1"]
[WhiteElo "1625"]
[BlackElo "1595"]
[Opening "Sicilian: Alapin's variation (2.c3)"]
[ECO "B22"]
[Time "11:00:31"]
[TimeControl "2700+45"]

1. e4 c5 2. c3 d5 3. exd5 Qxd5 4. d4 Nf6 5. Nf3 Bg4 6. Be2 e6 7. O-O Nc6 8. Be3
cxd4 9. cxd4 Bb4 10. a3 Ba5 11. b4 Bb6 12. Nc3 Qd6 13. b5 Ne7 14. Qa4 Ned5 15.
Nxd5 Nxd5 16. Rfd1 Nc3 17. Qc4 Nxd1 18. Bxd1 O-O 19. h3 Rac8 20. Qd3 Bf5 21. Qd2
Rfd8 22. Bb3 Be4 23. Bf4 Qd7 24. Ng5 Qxd4 25. Qe2 Qxa1+ 26. Kh2 Bd5 27. Be5 Bc7
28. Qd3 Bxe5+ 29. g3 Qh1# {White checkmated} 0-1

[Event "Team 45 45 League T57"]
[Site "Internet Chess Club"]
[Date "2013.06.02"]
[Round "2"]
[White "SirIvanhoe"]
[Black "birk113"]
[Result "1-0"]
[WhiteElo "1554"]
[BlackElo "1559"]
[Opening "French: King's Indian attack"]
[ECO "C00"]
[Time "13:03:23"]
[TimeControl "2700+45"]

1. e4 e6 2. d3 d5 3. Nd2 c5 4. Ngf3 Nc6 5. g3 Qa5 6. c3 Nf6 7. Bg2 Bd6 8. O-O
O-O 9. Re1 Ne5 10. Nxe5 Bxe5 11. exd5 Bd6 12. Nc4 Qc7 13. dxe6 fxe6 14. Nxd6
Qxd6 15. Bf4 Qb6 16. Qb3 Qxb3 17. axb3 Rd8 18. Rad1 a5 19. Bc7 Re8 20. d4 cxd4
21. Rxd4 Ra6 22. Rd6 Ra7 23. Bb6 Ra6 24. Bf1 Ra8 25. Bb5 Rf8 26. Rd8 Rxd8 27.
Bxd8 Bd7 28. Bxd7 Nxd7 29. Bc7 Nc5 30. Bb6 Nxb3 31. Rxe6 Ra6 32. Rd6 h6 33. Rd8+
Kh7 34. Bd4 Nxd4 35. Rxd4 b5 36. Kf1 a4 37. Rb4 a3 38. bxa3 Rxa3 39. Rxb5 Rxc3
40. h4 g6 41. Rb7+ Kg8 42. Kg2 Rc5 43. Re7 Kf8 44. Rh7 h5 45. Rd7 Re5 46. Rd2
Kf7 47. f4 Rf5 48. Kf3 Ke6 49. Re2+ Kf6 50. g4 hxg4+ 51. Kxg4 Rh5 52. Re5 {Black
resigns} 1-0

[Event "Team 45 45 League T57"]
[Site "Internet Chess Club"]
[Date "2013.06.01"]
[Round "2"]
[White "room-matt"]
[Black "vvsi"]
[Result "1/2-1/2"]
[WhiteElo "1763"]
[BlackElo "1715"]
[Opening "Vienna game"]
[ECO "C28"]
[Time "22:18:32"]
[TimeControl "2700+45"]

1. e4 e5 2. Bc4 Nc6 3. Nc3 Nf6 4. d3 Na5 5. Qf3 Nxc4 6. dxc4 Bb4 7. Ne2 h6 8.
O-O d6 9. h3 Be6 10. b3 a6 11. Be3 Nd7 12. Qg3 Qf6 13. Nd5 Bxd5 14. cxd5 Qg6 15.
Qxg6 fxg6 16. c3 Bc5 17. Bxc5 Nxc5 18. f3 Rf8 19. Rad1 Ke7 20. g3 Rf7 21. Kg2
Raf8 22. Nc1 h5 23. h4 Nd7 24. b4 Nb6 25. Nb3 Nc4 26. Rd3 b5 27. Nd2 Nb6 28. a3
Ra8 29. Rc1 Nc4 30. Nxc4 bxc4 31. Re3 Rff8 32. Rf1 a5 33. f4 axb4 34. axb4 Ra2+
35. Kh3 exf4 36. gxf4 Rd2 37. Kg3 Ra8 38. Rf2 Raa2 39. Rxd2 Rxd2 40. Kf3 Rh2 41.
Kg3 Rd2 42. Kf3 Rh2 43. Kg3 Rd2 {Game drawn by repetition} 1/2-1/2

[Event "Team 45 45 League T57"]
[Site "Internet Chess Club"]
[Date "2013.06.01"]
[Round "2"]
[White "rom1"]
[Black "chrisgianno"]
[Result "1-0"]
[WhiteElo "1531"]
[BlackElo "1682"]
[Opening "QGD: Tarrasch defense"]
[ECO "D32"]
[Time "13:21:43"]
[TimeControl "2700+45"]

1. d4 e6 2. c4 d5 3. Nc3 c5 4. Nf3 Nc6 5. cxd5 exd5 6. dxc5 d4 7. Ne4 f5 8. Bg5
Qc7 9. Ned2 Bxc5 10. Nb3 Nge7 11. Nxc5 Qa5+ 12. Bd2 Qxc5 13. Rc1 Qd5 14. Qc2
Qxa2 15. e3 dxe3 16. fxe3 Be6 17. Bd3 O-O 18. O-O Rac8 19. Qc5 Qxb2 20. Rb1 Qa2
21. Rxb7 Qd5 22. Qa3 Rfd8 23. Ba6 Ng6 24. Bc3 Nge5 25. Nd4 Nxd4 26. Bxd4 Rc2 27.
Rf2 Rdc8 28. Rxc2 Rxc2 29. Rb8+ Kf7 30. Bf1 Kg6 31. Qxa7 Ra2 32. Qc7 Nf7 33.
Qg3+ Kh6 34. Qxg7+ Kh5 35. Qxh7+ Nh6 36. Rh8 f4 37. Qxh6+ Kg4 38. Qg6+ {Black
resigns} 1-0

[Event "Team 45 45 League T57"]
[Site "Internet Chess Club"]
[Date "2013.05.31"]
[Round "2"]
[White "oldway"]
[Black "rayfincle"]
[Result "1-0"]
[WhiteElo "1510"]
[BlackElo "1454"]
[Opening "French: exchange variation"]
[ECO "C01"]
[Time "09:00:46"]
[TimeControl "2700+45"]

1. e4 e6 2. d4 d5 3. exd5 exd5 4. Nf3 Nf6 5. Be2 Bd6 6. h3 O-O 7. Bg5 Bf5 8.
Nbd2 Nbd7 9. O-O c6 10. Re1 Qc7 11. c3 Rfe8 12. Nf1 h6 13. Bh4 Ne4 14. Bd3 g5
15. Bxe4 Bxe4 16. Bg3 Nf8 17. Bxd6 Qxd6 18. Ng3 Ng6 19. Nxe4 dxe4 20. Nd2 f5 21.
Nc4 Qd5 22. Ne3 Qf7 23. Qb3 Re6 24. d5 cxd5 25. Qxd5 f4 26. Nf5 Kh7 27. Rxe4
Rae8 28. Rae1 Nf8 29. Nd4 Qf6 30. Nxe6 {Black resigns} 1-0

[Event "Team 45 45 League T57"]
[Site "Internet Chess Club"]
[Date "2013.06.01"]
[Round "2"]
[White "Berke"]
[Black "Signalman"]
[Result "0-1"]
[WhiteElo "1580"]
[BlackElo "1598"]
[Opening "Philidor: exchange variation"]
[ECO "C41"]
[Time "09:36:32"]
[TimeControl "2700+45"]

1. e4 e5 2. Nf3 d6 3. d4 exd4 4. Bc4 Be7 5. Nxd4 c6 6. a4 Nf6 7. Bd3 Nbd7 8. Nc3
O-O 9. O-O Nc5 10. Qe2 Bg4 11. f3 Be6 12. Be3 Nxd3 13. Qxd3 Qc8 14. Nce2 d5 15.
e5 Nd7 16. f4 Nc5 17. Qd1 Bg4 18. Nf3 Ne4 19. Qc1 b6 20. c3 c5 21. Ng3 Nxg3 22.
hxg3 Rd8 23. Bf2 Qe6 24. Re1 Rac8 25. Qe3 a5 26. Rad1 Qc6 27. Rc1 Qxa4 28. Ng5
Bxg5 29. fxg5 Re8 30. Qf4 Qd7 31. Ra1 Bf5 32. Rad1 Qe6 33. b4 axb4 34. cxb4 cxb4
35. Bxb6 Qxb6+ 36. Kh2 {White resigns} 0-1

[Event "Team 45 45 League T57"]
[Site "Internet Chess Club"]
[Date "2013.05.31"]
[Round "2"]
[White "BigH"]
[Black "steadman"]
[Result "0-1"]
[WhiteElo "2055"]
[BlackElo "2155"]
[Opening "King's Indian: Makagonov system (5.h3)"]
[ECO "E71"]
[Time "11:17:17"]
[TimeControl "2700+45"]

1. d4 Nf6 2. c4 g6 3. Nc3 Bg7 4. e4 d6 5. h3 O-O 6. Bg5 Na6 7. Nf3 e5 8. d5 Qe8
9. Be2 Nh5 10. g3 f6 11. Be3 f5 12. exf5 gxf5 13. Nh4 Nf6 14. Qc2 c6 15. O-O-O
cxd5 16. Nxd5 Nxd5 17. Rxd5 Nb4 18. Qd2 Nxd5 19. Qxd5+ Be6 20. Qxd6 Qf7 21. Bh5
Qf6 22. Bc5 Rfd8 23. Qe7 Qh6+ 24. Be3 f4 25. gxf4 exf4 26. Rg1 fxe3 27. Rxg7+
Qxg7 28. Qxe6+ Kh8 29. Nf5 Qg1+ 30. Kc2 Qxf2+ 31. Kb3 Rd3+ 32. Ka4 Qc2+ 33. Ka5
Qxb2 34. a4 Qb6+ 35. Qxb6 axb6+ 36. Kxb6 Rxa4 37. c5 Rd5 38. Be8 Rb4+ {White
resigns} 0-1

[Event "Team 45 45 League T57"]
[Site "Internet Chess Club"]
[Date "2013.06.02"]
[Round "2"]
[White "PoisonPawn"]
[Black "TerryMalloy"]
[Result "1/2-1/2"]
[WhiteElo "2032"]
[BlackElo "1960"]
[Opening "Sicilian: Najdorf, Byrne (English) attack"]
[ECO "B90"]
[Time "13:18:57"]
[TimeControl "2700+45"]

1. e4 c5 2. Nf3 d6 3. d4 cxd4 4. Nxd4 Nf6 5. Nc3 a6 6. Be3 e5 7. Nb3 Be6 8. f3
Be7 9. Qd2 O-O 10. O-O-O Nbd7 11. g4 b5 12. g5 b4 13. Ne2 Ne8 14. f4 a5 15. f5
Bxb3 16. cxb3 a4 17. bxa4 Rxa4 18. Kb1 Qa8 19. Nc1 Nc5 20. Bxc5 dxc5 21. Rg1 b3
22. axb3 Ra1+ 23. Kc2 Nd6 24. f6 c4 25. bxc4 Qa4+ 26. b3 Ra2+ 27. Nxa2 Qxa2+ 28.
Kd3 Qxb3+ 29. Ke2 Nxe4 30. fxe7 Nxd2 31. exf8=Q+ Kxf8 32. Kxd2 Qb4+ 33. Kc2 Qa4+
34. Kd2 Qb4+ 35. Kc2 Qa4+ 36. Kd2 Qb4+ {Game drawn by repetition} 1/2-1/2

[Event "Team 45 45 League T57"]
[Site "Internet Chess Club"]
[Date "2013.06.01"]
[Round "2"]
[White "MeWantCookie"]
[Black "frank001"]
[Result "1-0"]
[WhiteElo "2006"]
[BlackElo "1785"]
[Opening "Queen's pawn game"]
[ECO "A46"]
[Time "02:10:34"]
[TimeControl "2700+45"]

1. d4 Nf6 2. Nf3 c5 3. e3 g6 4. b3 b6 5. Bb2 Bg7 6. Be2 O-O 7. O-O Bb7 8. c4 d6
9. Nc3 Nbd7 10. Qc2 a6 11. d5 Re8 12. Rad1 Qc7 13. Qd2 Rab8 14. Rfe1 Nf8 15. e4
Bc8 16. a3 Bd7 17. h3 b5 18. Bd3 bxc4 19. Bxc4 Bb5 20. e5 dxe5 21. Nxe5 Bxc4 22.
bxc4 Rb6 23. Nc6 e6 24. Na4 Rxc6 25. dxc6 Qxc6 26. Qa5 N6d7 27. Bxg7 Kxg7 28.
Nc3 Rb8 29. Ne4 Rb3 30. Qd8 Rxa3 31. Qe7 Ra4 32. Nd6 Rb4 33. Qxf7+ Kh6 34. Re4
{Black resigns} 1-0